 Dungeon Crawl Stone Soup version 0.28-a0-750-g7c675f85b1 (console) character file.

Game seed: 14754999962006683857

318 petzl the Vexing (level 6, -12/41 HPs)
             Began as an Octopode Arcane Marksman on Oct 29, 2021.
             Mangled by a mummy (17 damage)
             ... in an ossuary.
             The game lasted 00:19:08 (4611 turns).

petzl the Vexing (Octopode Arcane Marksman)         Turns: 4611, Time: 00:19:12

Health: -12/41     AC:  1    Str:  7 (9)  XL:     6   Next: 45%
Magic:  19/19      EV: 13    Int: 15 (17) God:
Gold:   189        SH:  0    Dex: 11 (13) Spells: 10/11 levels left

rFire   . . .      SeeInvis .   g - +0 flail
rCold   . . .      Faith    .   (no shield)
rNeg    . . .      Spirit   .   (helmet restricted)
rPois   .          Reflect  .   (no amulet)
rElec   .          Harm     .   d - ring of magical power
rCorr   .          Rampage  .   (no ring)
Will    .....                   (no ring)
Stlth   +++.......              (no ring)
HPRegen 0.13/turn               (no ring)
MPRegen 0.16/turn               (no ring)
                                (no ring)
                                (no ring)

@: no status effects
A: almost no armour, amphibious, 8 rings, camouflage 1, gelatinous body 1,
(nimble swimmer 1), tentacles
a: no special abilities


You were in an ossuary.
You visited 1 branch of the dungeon, and saw 5 of its levels.
You also visited: Ossuary.

You collected 189 gold pieces.

Inventory:

Hand Weapons
 a - a +0 short sword
 b - a +0 hand crossbow
 g - a +0 flail (weapon)
 o - a +0 spear {!f =f}
Missiles
 e - 6 poisoned darts (quivered)
 l - a boomerang
Magical Staves
 f - a staff of air
Jewellery
 d - a ring of magical power (left tentacle)
Scrolls
 h - 2 scrolls of identify
 j - a scroll of magic mapping
Potions
 i - a potion of curing
 k - a potion of degeneration


   Skills:
 + Level 2.5 Fighting
 + Level 3.0 Crossbows
 + Level 3.0 Dodging
 + Level 3.0 Stealth
 * Level 3.1 Spellcasting
 + Level 3.7 Hexes


You had 10 spell levels left.
You knew the following spells:

 Your Spells              Type           Power      Damage    Failure   Level
a - Slow                  Hex            52%        N/A       4%          1

Your spell library contained the following spells:

 Spells                   Type           Power      Damage    Failure   Level
 Inner Flame              Hex/Fire       8%         N/A       26%         3
 Portal Projectile        Hex/Tloc       16%        N/A       26%         3
 Cause Fear               Hex            6%         N/A       38%         4


Dungeon Overview and Level Annotations

Branches:
Dungeon (5/15)            Ossuary (1/1)
 Temple: D:4-7

Altars:

Annotations:
D:5 exclusion: ogre


Innate Abilities, Weirdness & Mutations

You cannot wear most types of armour.
You are amphibious.
You can wear up to eight rings at the same time.
Your skin changes colour to match your surroundings (Stealth+).
Your rubbery body absorbs attacks. (AC +1, EV +1)
((You are camouflaged near water. (Stealth+)))
You have tentacles for arms and can constrict up to eight enemies at once.


Message History

There is an open door here.
You see here 14 gold pieces.
You close the door.
The hound zombie is no longer moving slowly.
You see here 15 gold pieces.
You see here 17 gold pieces.
You now have 174 gold pieces (gained 17).
You see here 15 gold pieces.
You now have 189 gold pieces (gained 15).
You aren't carrying any items that you can evoke.
Unknown command.
Unknown command.
Unknown command.
As you read the scroll of identify, it crumbles to dust.
i - a potion of curing Unknown command.
Unknown command.
A mummy opens the door.
You see here 16 gold pieces.
o - a +0 spear (weapon)
{!f =f} You see here 14 gold pieces.
g - a +0 flail (weapon)
You hit the mummy. You grab the mummy.
The mummy is moderately damaged.
You constrict the mummy.
The mummy struggles to escape constriction.
You hit the mummy.
The mummy is moderately damaged.
You constrict the mummy, but do no damage.
The hound zombie bites you.
* * * LOW HITPOINT WARNING * * *
The hound zombie barely misses you. The mummy closely misses you.
You hit the hound zombie. You grab the hound zombie.
The hound zombie is lightly damaged.
You constrict the hound zombie.
You constrict the mummy, but do no damage.
The hound zombie misses you. The hound zombie bites you.
* * * LOW HITPOINT WARNING * * *
The mummy hits you!
You die...

####.........#####.....
#......................
#.....Z...Z............
#.....##...............
#.....##.........Z.....
#......................
#.Z#...................
#..##................((
#∩.##..........∩∩......
#..##..................
#..#...................
#......................
#......................
#.....##...............
#.....##...............
#.............Z........
#ZZ....................
####......(..#####.....
#@M#.......((((Z.......
#$ZM...........∩.......
#######################


You could see 2 mummies, a hound zombie and 2 gnoll zombies.

Vanquished Creatures
  A water moccasin skeleton (D:5)
  Jessica (D:2)
  A centaur skeleton (D:4)
  A hound zombie (Ossuary)
  A hound skeleton (D:3)
  2 mummies (Ossuary)
  4 gnolls (D:2)
  5 adders
  3 adder zombies (Ossuary)
  2 worms
  4 dart slugs
  3 orcs
  4 bats
  5 endoplasms
  9 goblins
  4 hobgoblins
  2 quokkas
  7 ball pythons
  A frilled lizard (D:3)
  A hobgoblin zombie (Ossuary)
  2 jackal zombies (Ossuary)
  2 kobolds
  6 rats
71 creatures vanquished.

Notes
Turn   | Place    | Note
-------+----------+-------------------------------------------
     0 | D:1      | petzl the Octopode Arcane Marksman began the quest for the
                  | Orb.
     0 | D:1      | Reached XP level 1. HP: 13/13 MP: 2/2
    85 | D:1      | Found a faded altar of an unknown god.
   380 | D:1      | Reached XP level 2. HP: 18/18 MP: 3/3
  1428 | D:2      | Reached skill level 1 in Stealth
  1428 | D:2      | Reached XP level 3. HP: 23/23 MP: 5/5
  1900 | D:2      | Reached XP level 4. HP: 26/28 MP: 6/6
  2517 | D:2      | Noticed Jessica
  2521 | D:2      | Killed Jessica
  2666 | D:2      | Reached XP level 5. HP: 32/34 MP: 8/8
  4007 | D:4      | Noticed a phantom
  4028 | D:5      | Entered Level 5 of the Dungeon
  4164 | D:5      | Noticed an ogre
  4174 | D:5      | Found a sand-covered staircase.
  4188 | D:5      | Reached XP level 6. HP: 23/41 MP: 10/10
  4316 | Ossuary  | Entered an ossuary
  4526 | Ossuary  | HP: 2/41 [hound zombie (3)]
  4611 | Ossuary  | Mangled by a mummy

Illustrated notes

Levels and vault maps discovered:
D:1:      dpeg_arrival_signposts, layout_basic, dreamdust_ecumenical_altar_grove
D:2:      layout_basic, bh_walls_and_bars, uniq_jessica
D:3:      layout_basic, hangedman_decor_growths
D:4:      layout_basic, amethyst_overflow_temple_binary, uniq_edmund
D:5:      layout_loops_cross, minmay_temple_entry_antechambers,
          nicolae_ossuary_entry_plus, serial_co_window_serial,
          co_window_corner_a, co_window_paths_b, co_window_of_opportunity_a,
          co_window_corner_a, co_window_of_opportunity_a, co_window_2corner,
          co_window_corner_ca, co_window_2corner, co_window_2corner,
          co_window_unsneaky_path_e, co_window_of_opportunity_b,
          co_window_4corner_b, glass_columns_a, cheibrodos_sewer_entry_bend,
          grunt_decor_mini_mirrors, uniq_ijyb
Ossuary:  ossuary_minmay_tomb_2a

Skill      XL: |  1  2  3  4  5  6 |
---------------+-------------------+-----
Stealth        | 1 2 3 |  3.0
Spellcasting   | 2 3 |  3.1
Fighting       | 2 |  2.5
Crossbows      | 3 |  3.0
Dodging        | 3 |  3.0
Hexes          | |  3.7

Action                   |  1- 3 |  4- 6 || total
-------------------------+-------+-------++-------
Melee: Dagger            |    24 |    10 ||    34
       Constrict         |     7 |    17 ||    24
       Tentacles         |     5 |    13 ||    18
       Short sword       |       |    36 ||    36
       Flail             |       |     3 ||     3
 Fire: Hand crossbow     |    34 |   111 ||   145
 Cast: Slow              |     7 |    38 ||    45
  Use: Scroll            |       |     6 ||     6
       Potion            |       |     3 ||     3
 Stab: Sleeping          |       |     1 ||     1
Armor: Skin              |     2 |     6 ||     8
Dodge: Dodged            |    18 |    47 ||    65

Table legend: (Time is in decaauts)
 A = Elapsed time spent in this place.
 B = Non-inter-level travel time spent in this place.
 C = Inter-level travel time spent in this place.
 D = Time resting spent in this place.
 E = Time spent auto-exploring this place.
 F = Levels seen in this place.
 G = Mean time per level.
                   A        B        C        D        E       F      G
               +--------+--------+--------+--------+--------+-----+--------+
         Total |   4616 |   4410 |    206 |    827 |   2485 |   6 |  769.3 |
       Dungeon |   4350 |   4144 |    206 |    822 |   2485 |   5 |  870.0 |
       Ossuary |    266 |    266 |      0 |      5 |      0 |   1 |  266.0 |
               +--------+--------+--------+--------+--------+-----+--------+

Top non-repeatable levels by time:
     D:2: 1543 daAuts
     D:1: 1380 daAuts
     D:3: 1077 daAuts
 Ossuary: 266 daAuts
     D:4: 193 daAuts
     D:5: 155 daAuts
